 Dungeon Crawl Stone Soup version 0.31.0-11-ge490571c62 (webtiles) character file.

Game seed: 11592967831955996120

116 qw the Skirmisher (level 4, -2/25 HPs)
             Began as a Deep Elf Hunter on Feb 4, 2024.
             Incinerated by a bombardier beetle (5 damage)
             ... with a burning spray
             ... on level 3 of the Dungeon.
             The game lasted 00:00:06 (1377 turns).

qw the Skirmisher (Deep Elf Hunter)                 Turns: 1377, Time: 00:00:07

Health: -2/25      AC:  8    Str: 10    XL:     4   Next: 69%
Magic:  6/6        EV: 11    Int: 14    God:
Gold:   70         SH:  0    Dex: 18    Spells: 3/3 levels left

rFire   . . .        a - +0 shortbow
rCold   . . .        (shield currently unavailable)
rNeg    . . .        d - +3 ring mail
rPois   .            (no helmet)
rElec   .            (no cloak)
rCorr   .            (no gloves)
SInv    .            (no boots)
Will    .....        (no amulet)
Stlth   +            (no ring)
HPRegen 0.24/turn    (no ring)
MPRegen 0.10/turn

%: no passive effects
@: on fire, glowing
A: no striking features
a: no special abilities


You were on level 3 of the Dungeon.
You visited 1 branch of the dungeon, and saw 3 of its levels.

You collected 70 gold pieces.


   Skills:
 - Level 1.5 Fighting
 + Level 8.1 Ranged Weapons
 - Level 2.4 Dodging
 - Level 1.2 Stealth


You had 3 spell levels left.
You didn't know any spells.
Your spell library was empty.

Inventory:

Hand Weapons
 a - a +0 shortbow (weapon)
Armour
 b - a +0 cloak
 d - a +3 ring mail (worn)
Wands
 f - a wand of flame (10)
Scrolls
 c - a scroll of identify
 e - a scroll of blinking {unknown}

Dungeon Overview and Level Annotations

Branches:
Dungeon (3/15)

Altars:
Uskayaw


Message History

The adder bites you but does no damage.
You shoot an arrow. The arrow hits the adder.
You kill the adder!
You start resting.
HP restored.
You see here a +0 hand axe.
e - a scroll labelled KASEQO FICUCWO A bombardier beetle comes into view.
Found a maw talisman.
You shoot an arrow. The arrow hits the bombardier beetle.
The bombardier beetle is moderately wounded.
You shoot an arrow. The arrow hits the bombardier beetle!
The bombardier beetle is severely wounded.
You shoot an arrow. The arrow hits the bombardier beetle.
The bombardier beetle is severely wounded.
You shoot an arrow.
The arrow barely misses the bombardier beetle.
You shoot an arrow.
The arrow barely misses the bombardier beetle.
The bombardier beetle sprays incendiary fluid at you.
The burning spray hits you.
You are covered in liquid fire!
You shoot an arrow. The arrow hits the bombardier beetle.
The bombardier beetle is almost dead.
The liquid fire burns you!
You shoot an arrow. The arrow hits the bombardier beetle!
You kill the bombardier beetle!
The liquid fire burns you!
Your Ranged Weapons skill increases to level 8!
You are on fire!
The liquid fire burns you!
You are on fire!
The liquid fire burns you!
You are on fire!
The liquid fire burns you!
You are on fire!
The liquid fire burns you!
You are on fire!
The liquid fire burns you!
You die...

.......##..#.######..
...<........%###
.......#.......#
............)..#
.............).#
#######........## #
##........# #
#.....|..##.###..
####.#...@..%....
#..##......##. ##.
##...#...# #.
..#..##.. ## .###.# #
|# ..# . ## ..


There were no monsters in sight!

Vanquished Creatures
  A bombardier beetle (D:3)
  2 adders
  A dart slug (D:2)
  2 ribbon worms (D:2)
  3 orcs (D:3)
  3 bats
  2 endoplasms (D:1)
  2 giant cockroaches (D:3)
  4 goblins
  8 hobgoblins
  3 jackals (D:3)
  4 quokkas
  4 ball pythons
  3 frilled lizards
  5 kobolds
  5 rats
52 creatures vanquished.

Notes
Turn   | Place    | Note
-------+----------+-------------------------------------------
     0 | D:1      | qw the Deep Elf Hunter began the quest for the Orb.
     0 | D:1      | Reached XP level 1. HP: 12/12 MP: 3/3
     0 | D:1      | 0 ||| qw: Version: 0.3-a-160-g6735b56
     0 | D:1      | 0 ||| qw: Game counter: 4869
     0 | D:1      | 0 ||| qw: Melee chars always use a shield: true
     0 | D:1      | 0 ||| qw: God list: Okawaru
     0 | D:1      | 0 ||| qw: Allow faded altars: false
     0 | D:1      | 0 ||| qw: Do Orc after clearing Dungeon:15 true
     0 | D:1      | 0 ||| qw: Do second Lair branch before Depths: true
     0 | D:1      | 0 ||| qw: Lair rune preference: random
     0 | D:1      | 0 ||| qw: Goals: Normal
     0 | D:1      | 0 ||| PLANNING D:1-11
   134 | D:1      | Reached XP level 2. HP: 16/16 MP: 4/4
   140 | D:1      | Reached skill level 6 in Ranged Weapons
   432 | D:1      | 432 ||| UPGRADING to +0 ring mail.
   442 | D:1      | 442 ||| DROPPING +0 leather armour.
   443 | D:1      | 443 ||| READING scroll labelled IHACRE BUIJO.
   443 | D:1      | 443 ||| ENCHANTING +0 ring mail.
   444 | D:1      | 444 ||| READING scroll labelled DUGURI OCYF.
   545 | D:1      | 545 ||| DROPPING scroll of butterflies.
   591 | D:2      | 591 ||| STAIRDANCE
   616 | D:2      | HP: 1/16 [ribbon worm (4)]
   737 | D:2      | Reached XP level 3. HP: 18/20 MP: 5/5
   848 | D:2      | Reached skill level 7 in Ranged Weapons
   977 | D:2      | Found a hide-covered altar of Uskayaw.
  1040 | D:2      | 1040 ||| READING scroll of enchant armour.
  1040 | D:2      | 1040 ||| ENCHANTING +1 ring mail.
  1056 | D:2      | 1056 ||| READING scroll of enchant armour.
  1056 | D:2      | 1056 ||| ENCHANTING +2 ring mail.
  1191 | D:2      | 1191 ||| READING 2 scrolls labelled TOWKAGA POCW.
  1192 | D:2      | 1192 ||| READING scroll labelled NENTEL VYEMP.
  1193 | D:2      | 1193 ||| READING scroll labelled ZONGUTHUJIL.
  1194 | D:2      | 1194 ||| DROPPING scroll of fog.
  1337 | D:3      | Reached XP level 4. HP: 25/25 MP: 6/6
  1373 | D:3      | Reached skill level 8 in Ranged Weapons
  1375 | D:3      | HP: 4/25 [burnt (3)]
  1377 | D:3      | Incinerated by a bombardier beetle

Levels and vault maps discovered:
D:1:      lemuel_arrival_broad_hall, layout_rooms, nicolae_figureground_pulse
D:2:      layout_rooms, basic_altar
D:3:      layout_rooms, chequers_ecumenical_altar_lobes, uniq_ijyb

Skill      XL: |  1  2  3  4 |
---------------+-------------+-----
Ranged Weapons | 6 7 8 |  8.1
Fighting       | |  1.5
Dodging        | |  2.4
Stealth        | |  1.2

Action                     |  1- 3 |  4- 6 || total
---------------------------+-------+-------++-------
   Fire: Shortbow          |   147 |    25 ||   172
    Use: Scroll            |     7 |       ||     7
 Armour: Leather armour    |     4 |       ||     4
         Ring mail         |    21 |     4 ||    25
  Dodge: Dodged            |    34 |    11 ||    45

Table legend:
 A = Non-vault XP
 B = Vault XP
 C = Vault XP percentage of total XP
 D = Non-vault monster count
 E = Vault monster count
 F = Vault count percentage of total count
                 A         B        C        D         E       F
            +---------+---------+-------+---------+---------+-------
      Total |     166 |       0 |   0.0 |      52 |       0 |   0.0
            +---------+---------+-------+---------+---------+-------
        D:1 |      34 |       0 |   0.0 |      21 |       0 |   0.0
        D:2 |      40 |       0 |   0.0 |      14 |       0 |   0.0
        D:3 |      92 |       0 |   0.0 |      17 |       0 |   0.0
            +---------+---------+-------+---------+---------+-------
